 Dungeon Crawl Stone Soup version 0.16-a0-3855-gd2600ac (webtiles) character file.

12353 timbw the Carver (level 12, -21/94 HPs)
             Began as a Human Fighter on Feb 1, 2015.
             Was an Elder of the Shining One.
             Demolished by a freezing wraith (22 damage)
             ... in an ice cave.
             The game lasted 00:31:02 (7130 turns).

timbw the Carver (Human Fighter)                    Turns: 7130, Time: 00:31:02

Health: -21/94     AC: 21    Str: 20    XL:     12   Next: 19%
Magic:  12/12      EV:  4    Int:  9    God:    the Shining One [****..]
Gold:   491        SH: 12    Dex: 17    Spells: 0 memorised, 11 levels left

rFire  . . .     SeeInvis .     t - +3 long sword (freeze)
rCold  . . .     Clarity  .     N - +0 plate armour {rPois}
rNeg   + + .     SustAb   .     c - +0 shield
rPois  +         Gourm    .     (no helmet)
rElec  .         Spirit   .     (no cloak)
rCorr  .         Warding  .     l - +2 pair of gloves
rMut   .         Stasis   .     (no boots)
MR     .....                    (no amulet)
Stlth  ..........               M - +6 ring of protection
                                p - +3 ring of strength

@: glowing, not resistant to hostile enchantments, extremely unstealthy
A: no striking features
a: Divine Shield, Cleansing Flame, Renounce Religion


You were in an ice cave.
You worshipped the Shining One.
The Shining One was greatly pleased with you.
You were not hungry.

You visited 3 branches of the dungeon, and saw 14 of its levels.
You also visited: Labyrinth and Ice Cave.

You collected 491 gold pieces.

Inventory:

Hand weapons
 a - a +0 long sword
 t - a +3 long sword of freezing (weapon)
 A - a +1 falchion of holy wrath
 D - a +3 long sword
Missiles
 y - 4 javelins (quivered)
Armour
 b - a +0 scale mail
 c - a +0 shield (worn)
 l - a +2 pair of gloves (worn)
 m - a +0 ring mail
 o - a +0 chain mail
 E - a +1 leather armour of fire resistance
 F - a +0 plate armour
 G - a troll hide
 N - a +0 plate armour of poison resistance (worn)
 O - the +2 ring mail of Amorality {MR+ Str-3 Int+7 Dex+2}
   (You found it in a labyrinth)

   It affects your strength (-3).
   It affects your intelligence (+7).
   It affects your dexterity (+2).
   It affects your resistance to hostile enchantments.
Jewellery
 p - a +3 ring of strength (left hand)
 r - a +5 ring of intelligence
 s - an uncursed ring of teleportation
 u - an uncursed ring of flight
 K - an uncursed ring of fire
 M - a +6 ring of protection (right hand)
 P - an uncursed ring of fire
Magical devices
 d - a wand of flame (21)
 i - a wand of fire (0)
 w - a wand of fire (2)
 B - a wand of polymorph (13)
 L - a wand of random effects (13)
 U - a wand of polymorph (9)
Scrolls
 k - 2 scrolls of amnesia
 q - 2 scrolls of remove curse
 x - 3 scrolls of enchant armour
 C - a scroll of torment
 I - a scroll of random uselessness {unknown}
 R - a scroll of recharging
 S - 2 scrolls of identify
Potions
 e - a potion of magic
 g - a potion of brilliance
 h - a potion of ambrosia
 n - a potion of curing
 z - 2 potions of degeneration
 H - a potion of cure mutation
 T - a potion of haste {unknown}
Books
 j - an Akashic Record {highlevel, unknown}

   This book is beyond your current level of understanding.

   Spells                             Type                      Level
   a - Dispersal                      Translocation                6
   b - Controlled Blink               Translocation                7
   c - Malign Gateway                 Summoning/Translocation      7
   d - Disjunction                    Translocation                8
   e - Singularity                    Translocation                9
Comestibles
 f - a meat ration
 J - a royal jelly


   Skills:
 + Level 8.5 Fighting
 - Level 14.0 Long Blades
 + Level 5.1 Armour
 + Level 8.6 Shields


You had 11 spell levels left.
You didn't know any spells.

Dungeon Overview and Level Annotations

Branches:
Dungeon (11/15)            Temple (1/1) D:5            Lair (2/8) D:11
    Orc: D:9-12

Altars:
Ashenzari
Cheibriados
Dithmenos
Elyvilon
Fedhas
Gozag
Kikubaaqudgha
Makhleb
Nemelex Xobeh
Okawaru
Qazlal
Ru
Trog
Vehumet
Xom
Yredelemnul
Zin
The Shining One

Shops:
D:6 }   D:10 ?

Annotations:
D:7 timbw's ghost, experienced TrHu


Message History

* * * LOW HITPOINT WARNING * * *
You slash the freezing wraith!
The freezing wraith is severely damaged.
You block the freezing wraith's attack.
The freezing wraith hits you but does no damage.
You hit the freezing wraith.
The freezing wraith is severely damaged.
You hit the freezing wraith but do no damage.
The freezing wraith is severely damaged.
The freezing wraith hits you.
* * * LOW HITPOINT WARNING * * *
The freezing wraith freezes you!
* * * LOW HITPOINT WARNING * * *
The freezing wraith hits you but does no damage.
You hit the freezing wraith but do no damage.
The freezing wraith is severely damaged.
The freezing wraith hits you!
* * * LOW HITPOINT WARNING * * *
The freezing wraith freezes you!!
You die...

#..##.....##
##.###...##
#..######
##..## .
#...## ..#
##...## ..#
##...## #.#
##...##..#
##.@#..#
#..W..#
##...##
#####


You could see a freezing wraith.

Vanquished Creatures
  A minotaur (Lab)
  2 hill giants
  Pikel (D:6)
  2 komodo dragons (Lair:2)
  2 trolls
  3 two-headed ogres
  3 freezing wraiths (IceCv)
  A trapdoor spider zombie (D:9)
  A deep elf mage (D:9)
  15 yaks
  2 wyverns (D:11)
  Eustachio (D:9)
  3 hungry ghosts
  A hippogriff (D:9)
  2 death yak simulacra (IceCv)
  4 water moccasins
  A black bear (D:8)
  8 ice beasts
  2 orc warriors
  A phantom (D:6)
  A crocodile (Lair:1)
  An ogre (D:10)
  2 centaurs
  7 giant frogs
  A gnoll sergeant (D:8)
  A scorpion (D:8)
  16 wights
  2 crimson imps
  A goliath beetle (D:9)
  3 centaur skeletons
  2 quasits
  5 hounds
  3 giant frog skeletons
  A jelly (D:10)
  5 orc priests
  6 iguanas
  A polar bear simulacrum (IceCv)
  10 orc wizards
  4 worker ants
  A wolf simulacrum (IceCv)
  7 adders
  6 gnolls (D:8)
  A shadow imp (D:6)
  A giant mite (D:6)
  5 white imps (IceCv)
  A giant gecko (D:10)
  38 orcs
  A giant cockroach (D:3)
  6 goblins
  7 hobgoblins
  6 kobolds
  A quokka (D:10)
  5 bats
  2 giant newts (D:4)
  7 rats
223 creatures vanquished.

Vanquished Creatures (others)
  A sky beast (D:6)
  A slave (D:6)
  A giant frog skeleton (D:6)
  A bat skeleton (D:6)
  A rat (D:6)
5 creatures vanquished.

Grand Total: 228 creatures vanquished

Notes
Turn   | Place    | Note
--------------------------------------------------------------
     0 | D:1      | timbw, the Human Fighter, began the quest for the Orb.
     0 | D:1      | Reached XP level 1. HP: 18/18 MP: 1/1
    23 | D:1      | Found a sparkling altar of Nemelex Xobeh.
    39 | D:1      | You fall through a shaft!
   170 | D:3      | Reached XP level 2. HP: 9/24 MP: 2/2
   320 | D:3      | Reached XP level 3. HP: 15/29 MP: 3/3
   351 | D:3      | Noticed an orc wizard
   584 | D:5      | Entered Level 5 of the Dungeon
   649 | D:5      | Reached skill level 4 in Long Blades
   649 | D:5      | Reached XP level 4. HP: 24/35 MP: 4/4
   790 | D:5      | Noticed an ice beast
   887 | D:5      | Found a staircase to the Ecumenical Temple.
   899 | Temple   | Entered the Ecumenical Temple
   944 | Temple   | Became a worshipper of the Shining One
  1063 | D:6      | Noticed an ice beast
  1153 | D:6      | Reached XP level 5. HP: 28/41 MP: 5/5
  1168 | D:6      | Found Teifaec's Quality Used Wands.
  1168 | D:6      | Noticed a giant frog
  1180 | D:6      | Killed a giant frog
  1180 | D:6      | Reached skill level 5 in Long Blades
  1201 | D:6      | Reached XP level 6. HP: 4/47 MP: 6/6
  1331 | D:6      | Noticed Pikel
  1331 | D:6      | Noticed a slave
  1332 | D:6      | Noticed a slave
  1333 | D:6      | Noticed a slave
  1333 | D:6      | Noticed a slave
  1443 | D:4      | Reached skill level 6 in Long Blades
  1799 | D:6      | Killed Pikel
  1799 | D:6      | Reached skill level 8 in Long Blades
  1799 | D:6      | Reached XP level 7. HP: 24/52 MP: 7/7
  1799 | D:6      | Reached XP level 8. HP: 26/58 MP: 8/8
  1858 | D:6      | Killed an ice beast
  2036 | D:6      | Reached skill level 9 in Long Blades
  2128 | D:6      | Killed a freed slave
  2347 | D:6      | Acquired the Shining One's first power
  2376 | D:6      | Noticed a phantom
  2385 | D:6      | Killed a phantom
  2646 | D:7      | Noticed timbw's ghost (experienced TrHu)
  2819 | D:8      | Reached skill level 10 in Long Blades
  2819 | D:8      | Reached XP level 9. HP: 26/65 MP: 9/9
  3317 | D:9      | Reached skill level 5 in Fighting
  3515 | D:9      | Acquired the Shining One's second power
  3535 | D:9      | Reached skill level 11 in Long Blades
  3655 | D:9      | Reached XP level 10. HP: 58/74 MP: 10/10
  3735 | D:9      | Reached skill level 5 in Shields
  3887 | D:9      | Noticed Eustachio
  3928 | D:9      | Killed Eustachio
  4099 | D:9      | Noticed a troll
  4111 | D:9      | Killed a troll
  4116 | D:9      | Reached skill level 12 in Long Blades
  4810 | D:10     | Entered Level 10 of the Dungeon
  4878 | D:10     | Found Zemnaz's Magic Scroll Shoppe.
  5030 | D:10     | Reached XP level 11. HP: 66/83 MP: 11/11
  5109 | D:10     | Noticed a hill giant
  5120 | D:10     | Killed a hill giant
  5120 | D:10     | Reached skill level 13 in Long Blades
  5684 | D:11     | Noticed a hill giant
  5707 | D:11     | Killed a hill giant
  5732 | D:11     | Found a staircase to the Lair.
  5829 | D:11     | Found a labyrinth entrance.
  5838 | Lab      | Entered a labyrinth
  6390 | Lab      | Noticed a minotaur
  6399 | Lab      | Killed a minotaur
  6402 | Lab      | Got a brightly glowing hunting sling
  6410 | Lab      | Got a polished ring mail
  6421 | Lab      | Identified the +2 ring mail of Amorality {MR+ Str-3 Int+7 Dex+2} (You found it in a labyrinth)
  6473 | Lair:1   | Entered Level 1 of the Lair of Beasts
  6501 | Lair:1   | Acquired the Shining One's third power
  6561 | Lair:1   | Noticed a five-headed hydra
  6809 | Lair:2   | Reached XP level 12. HP: 55/93 MP: 12/12
  6867 | Lair:2   | Found a frozen archway.
  6872 | IceCv    | Entered an ice cave
  6883 | IceCv    | Reached skill level 14 in Long Blades
  7009 | IceCv    | Reached skill level 5 in Armour
  7130 | IceCv    | HP: 1/94 [freezing wraith (8)]
  7130 | IceCv    | Demolished by a freezing wraith

Action                   |  1- 3 |  4- 6 |  7- 9 | 10-12 || total
-------------------------+-------+-------+-------+-------++-------
Melee: Long sword        |    56 |   172 |   209 |   486 ||   923
Throw: Throwing net      |       |       |       |     3 ||     3
Invok: Divine Shield     |       |       |       |     3 ||     3
 Abil: Evoke Teleportati |       |     1 |       |       ||     1
Evoke: Wand              |       |       |       |    10 ||    10
  Use: Scroll            |       |     7 |     3 |     5 ||    15
       Potion            |       |     1 |       |     9 ||    10
 Stab: Held in net/web   |       |       |       |     3 ||     3
  Eat: Bread ration      |       |     1 |       |       ||     1
       Chunk             |       |       |     5 |     6 ||    11
       Meat ration       |       |       |     1 |     1 ||     2
